Unix NetHack Version 5.0.0-0 post-release - last build May 31 2026 13:37:37 (4f47d67043fb8e84071ad9bc9740482a2de5bd5e,branch:main).

Game began 2026-05-29 15:47:17, ended 2026-05-31 17:45:53.

ArrBianca, chaotic female elven Priestess

                                    -------            -----
                                    |.....|            |...-#   --------------
 -------     -----        ------ ###..---.|           #....|#   |....{.......|
 |%!%%%|     |..*|        |.....##  |.| |.|           #|...|####|............|
 |(%%%%|     |...|        |....|  ##..---.|           #-----   #|............|
 |.....|     |..[.#       |....|### |.....|           #####    #...........F.|
 ----|--     ---.-##      ------#   -----.-              #      --------.-----
     ##         #  #      #######        #               #              #
      #         #  ###    #   #          #               #              #
      ####     ##    ###  #   #          #               #              ###
         #    ##       #  #   #          #      ---------#                #
         # ####        ##########        #      |.......|#            ####.###
         # #           ##-----.-       ### #####-.......|#            #......#
         ###      #######|.....|       #   #    |<.......#         ###.{.....#
          ###     #     #......|     --)-- #    ---------###########  #......#
  --------|-------#     #|{....|     |o@.|################            ####...#
  |..............|#######-------     |.oo|##                             #...#
  |.(.............#                  |..o-##                             #...#
  ----------------                   -----#                              #####

ArrBianca the Acolyte        St:12 Dx:12 Co:16 In:9 Wi:16 Ch:13  Chaotic
Dlvl:3  $:19 HP:0(41) Pw:73(73) AC:10 Xp:5 T:2761 

Latest messages:
 You finish eating the rock piercer corpse.
 You hear the chime of a cash register.
 What do you want to zap? [s or ?*]
 Nothing happens.
 What do you want to zap? [s or ?*]
 Nothing happens.
 The wood nymph zaps a wand of teleportation!
 The floating eye vanishes!
 You materialize in a different location!
 You hit the wood nymph.
 The wood nymph stole an uncursed key.
 The wood nymph vanishes!
 You hit the hill orc.
 You miss the hill orc.
 The hill orc hits!
 You hit the hill orc.
 You hit the hill orc.
 You hit the hill orc.
 You hit the hill orc.
 The hill orc throws a crude dagger!
 The crude dagger misses the hill orc.
 You are hit by a crude dagger.
 You hit the hill orc.
 The hill orc hits!
 You hit the hill orc.
 The hill orc hits!
 You kill the hill orc!
 The hill orc hits!
 $ - 12 gold pieces (19 in total).
 You see here an uncursed iron skull cap.
 The hill orc hits!
 You hit the hill orc.
 The hill orc hits!
 You hit the hill orc.
 The hill orc hits!
 You hit the hill orc.
 The hill orc hits!
 The hill orc hits!
 You miss the hill orc.
 The hill orc hits!
 The hill orc hits!
 You feel more confident in your fighting skills.
 You hit the hill orc.
 The hill orc hits!
 You miss the hill orc.
 The hill orc hits!
 The hill orc hits!
 You die...
 Do you want your possessions identified? [ynq] (y)
 Do you want to see your attributes? [ynq] (y)

Inventory:
 Coins    ('$')
  $ - 19 gold pieces
 Scrolls  ('?')
  M - an uncursed scroll of destroy armor
 Potions  ('!')
  d - 4 potions of holy water
 Wands    ('/')
  s - an uncursed wand of stasis (0:0)

ArrBianca the Priestess's attributes:

Background:
 You were an Acolyte, a level 5 elven Priestess.
 You were chaotic, nominally on a mission for Poseidon
 who was opposed by Athena (lawful) and Hermes (neutral).
 You were right-handed.
 You were in the Dungeons of Doom, on level 3.
 You entered the dungeon 2761 turns ago.
 There was a full moon in effect when your adventure ended.
 You had 249 experience points, 71 more were needed to attain level 6.

Basics:
 You had 0 out of 41 hit points.
 You had all 73 energy points (spell power).
 Your armor class was 10.
 Your wallet contained 19 zorkmids.
 Autopickup was on for '$?!/="+%' plus thrown, with exceptions.

Final Characteristics:
 Your strength was 12 (limit:18).
 Your dexterity was 12 (limit:18).
 Your constitution was 16 (limit:16).
 Your intelligence was 9 (limit:20).
 Your wisdom was 16 (limit:20).
 Your charisma was 13 (limit:18).

Final Status:
 You weren't hungry.
 You were unencumbered.
 You were bare handed.
 You were unskilled in bare handed combat and could have enhanced that.
 You weren't wearing any armor.

Final Attributes:
 You were piously aligned.
 You were sleep resistant.
 You were telepathic.
 You had infravision.
 You were lucky.
 You are dead.

Miscellaneous:
 You didn't encounter any bones levels.
 Total elapsed playing time was 17 minutes and 41 seconds.

Major events:
 Turn
    1: ArrBianca the chaotic elven Priestess entered the dungeon
 1036: attained the rank of Acolyte (level 3)
 2761: killed by a hill orc

Spells:
 Name                 Level Category     Fail Retention
 light                  1   clerical       0%   81%-90%
 detect monsters        1   divination     0%  76%-100%

Skills:
 Fighting Skills
   bare handed combat [Unskilled]
 Weapon Skills
   club               [Unskilled]
   mace               [Skilled]
   morning star       [Unskilled]
   flail              [Unskilled]
   hammer             [Unskilled]
   quarterstaff       [Unskilled]
   polearms           [Unskilled]
   spear              [Unskilled]
   trident            [Unskilled]
   lance              [Unskilled]
   bow                [Unskilled]
   sling              [Unskilled]
   crossbow           [Unskilled]
   dart               [Unskilled]
   shuriken           [Unskilled]
   boomerang          [Unskilled]
   unicorn horn       [Unskilled]
 Spellcasting Skills
   healing spells     [Unskilled]
   divination spells  [Unskilled]
   clerical spells    [Basic]

Voluntary challenges:
 Character rerolling was not enabled.
 You were an atheist.
 You never genocided any monsters.
 You never polymorphed an object.
 You never changed form.
 You used no wishes.
Achievements:
 You entered a shop.
 You attained the rank of Acolyte.

 The Dungeons of Doom: levels 1 to 4
    Level 1:
    Level 2:
    Level 3: <- You were here.
       A food shop, many fountains, many trees.
       Final resting place for
          you, killed by a hill orc.
    Level 4:
       A general store.


Vanquished creatures:
  2 small mimics
  a rock piercer
  a shrieker
  2 gray oozes
  a little dog
  a floating eye
  a kitten
  2 dwarves
  a kobold leader
  a hill orc
  a monkey
  2 iguanas
  a gas spore
  a hobbit
  a giant rat
  2 red molds
  a gnome zombie
  a gecko
  5 jackals
  2 kobolds
  a goblin
  3 sewer rats
  2 grid bugs
  a lichen
  2 kobold zombies
  7 newts
46 creatures vanquished.

No species were genocided or became extinct.

Game over:
                       ----------
                      /          \
                     /    REST    \
                    /      IN      \
                   /     PEACE      \
                  /                  \
                  |    ArrBianca     |
                  |      19 Au       |
                  | killed by a hill |
                  |       orc        |
                  |                  |
                  |                  |
                  |       2026       |
                 *|     *  *  *      | *
        _________)/\\_//(\/(/\)/\//\/|_)_______

Goodbye ArrBianca the Priestess...

You died in The Dungeons of Doom on dungeon level 3 with 1194 points,
and 19 pieces of gold, after 2761 moves.
You were level 5 with a maximum of 41 hit points when you died.

